[Event "Titled Tuesday Blitz April 19 Early 2022"]
[White "Jarocka, Liwia"]
[Black "Reprintsev, Alexander"]
[WhiteFideId "21807558"]
[BlackFideId "14100541"]
[WhiteElo "1896"]
[BlackElo "2108"]
[Result "1/2-1/2"]
[Round "10"]
[TimeControl "180+1"]
[Date "2022.04.19"]
[WhiteClock "0:00:05"]
[BlackClock "0:00:06"]

1. d4 d5 2. Nf3 Nc6 3. g3 Bf5 4. Bg2 Nb4 5. Na3 e6 6. O-O h6 7. Ne5 f6 8. Nd3 a5 9. Re1 c6 10. h4 Ne7 11. e4 Bg6 12. Nf4 Bf7 13. c3 Na6 14. exd5 exd5 15. Ne6 Qd7 16. Bh3 f5 17. Bxf5 Nxf5 18. Nc5+ Qe7 19. Rxe7+ Bxe7 20. Nxa6 Rxa6 21. Nc2 O-O 22. Ne3 Nd6 23. Qe2 Re8 24. Bd2 Raa8 25. Re1 Bf8 26. Qf3 Ne4 27. Bc1 Bd6 28. Nf5 Bf8 29. Qg4 Kh8 30. Qf3 Bg6 31. Ne3 Bd6 32. Ng2 Bh7 33. Bf4 Rf8 34. Qg4 Nf6 35. Qd1 Rad8 36. Bxd6 Rxd6 37. Nf4 Ne4 38. Nd3 Rdf6 39. f4 Nxg3 40. Kh2 Bxd3 41. Qxd3 Nh5 42. Rf1 Nxf4 43. Qd2 R6f7 44. b3 Kg8 45. c4 dxc4 46. bxc4 Ne6 47. Rxf7 Rxf7 48. d5 cxd5 49. cxd5 Nc5 50. Qxa5 Nd7 51. Qd8+ Nf8 52. d6 Rd7 53. Qb6 Kf7 54. a4 Ke6 55. a5 g5 56. hxg5 hxg5 57. Kg3 Ng6 58. Qb3+ Kf6 59. Qd5 Ne5 60. Qd4 Ke6 61. Qe4 Kxd6 62. Qb4+ Ke6 63. Qb6+ Kf5 64. Qb1+ Ke6 65. Qb6+ Kf5 66. Kg2 Rd2+ 67. Kg3 Rd3+ 68. Kg2 Rd7 69. Qb1+ Ke6 70. Qb6+ Kf5 71. Qb1+ Nd3 72. Qb6 Ke4 73. Qb5 Ne5 74. Qb1+ Kd5 75. Qb5+ Ke6 76. Qb6+ Nc6 77. Qb3+ Kd6 78. Qb6 Ke7 79. Qc5+ Kd8 80. Qxg5+ Kc7 81. Qg3+ Kc8 82. Qb3 Nb8 83. Qg8+ Kc7 84. Qb3 Rd6 85. Qc4+ Nc6 86. Qf7+ Rd7 87. Qc4 Kc8 88. Qc5 Kb8 89. Qf8+ Rd8 90. Qc5 Ka8 91. Qb6 Rg8+ 92. Kf2 Na7 93. a6 Rf8+ 94. Ke2 bxa6 95. Qxa6 Re8+ 96. Kd2 Rc8 97. Qxc8+ Nxc8 1/2-1/2


[Site "https://www.chess.com"]

[Event "Titled Tuesday Blitz April 19 Early 2022"]
[White "Jegorovas, Aleksandras"]
[Black "Brodowski, Piotr"]
[WhiteFideId "12801950"]
[BlackFideId "1124480"]
[WhiteElo "2247"]
[BlackElo "2422"]
[Result "1-0"]
[Round "10"]
[TimeControl "180+1"]
[Date "2022.04.19"]
[WhiteClock "0:01:04"]
[BlackClock "0:01:24"]

1. Nf3 f5 2. g3 Nf6 3. Bg2 Nc6 4. d4 h6 5. d5 Nb4 6. c4 a5 7. Nh4 b5 8. cxb5 Bb7 9. Nc3 e6 10. e4 Bc5 11. e5 g5 12. exf6 Qxf6 13. Nf3 g4 14. Nh4 Qe5+ 15. Kf1 O-O-O 16. Bf4 Qf6 17. a3 Nxd5 18. Nxd5 Qxb2 19. Be3 Bxd5 20. Bxd5 exd5 21. Bxc5 Qxb5+ 22. Qe2 1-0


[Site "https://www.chess.com"]

[Event "Titled Tuesday Blitz April 19 Early 2022"]
[White "Kadam, Om Manish"]
[Black "Kaasen, Tor Fredrik"]
[WhiteFideId "45076294"]
[BlackFideId "1516647"]
[WhiteElo "1729"]
[BlackElo "2335"]
[Result "0-1"]
[Round "10"]
[TimeControl "180+1"]
[Date "2022.04.19"]
[WhiteClock "0:01:49"]
[BlackClock "0:01:46"]

1. e4 e5 2. Nf3 Nc6 3. Bc4 Nf6 4. d3 Bc5 5. c3 d6 6. b4 Bb6 7. a4 a5 8. b5 Ne7 9. Nbd2 O-O 10. O-O c6 11. Bb3 Ng6 12. Nc4 Bc7 13. Re1 Re8 14. Ba3 d5 15. exd5 cxd5 16. Ne3 h6 17. g3 Bh3 18. d4 e4 19. Nd2 h5 20. Nxd5 Nxd5 21. Qxh5 Be6 22. Nxe4 Ndf4 23. gxf4 Nxf4 24. Qd1 Bxb3 25. Qxb3 Qh4 26. Ng3 Qh3 27. Qc4 Qg2# 0-1


[Site "https://www.chess.com"]

[Event "Titled Tuesday Blitz April 19 Early 2022"]
[White "Kamsky, Gata"]
[Black "Wagner, Dennis"]
[WhiteFideId "2000024"]
[BlackFideId "24650684"]
[WhiteElo "2645"]
[BlackElo "2355"]
[Result "0-1"]
[Round "10"]
[TimeControl "180+1"]
[Date "2022.04.19"]
[WhiteClock "0:00:08"]
[BlackClock "0:00:34"]

1. e4 e5 2. Nf3 Nc6 3. Bb5 a6 4. Ba4 Nf6 5. O-O Be7 6. Re1 b5 7. Bb3 O-O 8. c3 d5 9. d4 exd4 10. e5 Ne4 11. cxd4 Bf5 12. Nc3 Nxc3 13. bxc3 Na5 14. Bc2 Bxc2 15. Qxc2 Nc4 16. a4 c6 17. g3 a5 18. h4 bxa4 19. Rxa4 Nb6 20. Ra2 a4 21. Bg5 h6 22. Bxe7 Qxe7 23. e6 fxe6 24. Ne5 Qc7 25. Rb1 c5 26. Qb2 cxd4 27. cxd4 Nc4 28. Nxc4 Qxc4 29. Ra3 Rfb8 30. Qxb8+ Rxb8 31. Rxb8+ Kh7 32. Kg2 Qxd4 33. Ra8 Qe4+ 34. Kg1 Qb1+ 35. Kg2 d4 36. R8xa4 e5 37. Ra7 Qe4+ 38. Kg1 d3 39. Rd7 Qe1+ 40. Kg2 e4 41. Ra4 Qe2 42. Kg1 Qd1+ 0-1


[Site "https://www.chess.com"]

[Event "Titled Tuesday Blitz April 19 Early 2022"]
[White "Karavaeva, Olga"]
[Black "Sliwicki, Damian"]
[WhiteFideId "4124111"]
[BlackFideId "1127128"]
[WhiteElo "2105"]
[BlackElo "2084"]
[Result "0-1"]
[Round "10"]
[TimeControl "180+1"]
[Date "2022.04.19"]
[WhiteClock "0:01:49"]
[BlackClock "0:00:49"]

1. c4 Nf6 2. Nc3 e6 3. e4 c5 4. e5 Ng8 5. f4 d5 6. cxd5 exd5 7. d4 Nc6 8. Nf3 Bg4 9. Bb5 cxd4 10. Qxd4 Bxf3 11. gxf3 Qh4+ 12. Qf2 Qxf2+ 13. Kxf2 Bc5+ 14. Kg3 Ne7 15. Rd1 O-O-O 16. Bd3 h5 17. a3 h4+ 18. Kh3 Nd4 19. Rf1 Ng6 20. b4 Bb6 21. Bb2 Nxf4+ 22. Kg4 Nxd3 0-1


[Site "https://www.chess.com"]

[Event "Titled Tuesday Blitz April 19 Early 2022"]
[White "Karolczuk, Iwo"]
[Black "Omelja, Artem"]
[WhiteFideId "21816972"]
[BlackFideId "14119846"]
[WhiteElo "2277"]
[BlackElo "2382"]
[Result "1-0"]
[Round "10"]
[TimeControl "180+1"]
[Date "2022.04.19"]
[WhiteClock "0:00:07"]
[BlackClock "0:00:04"]

1. e4 c5 2. Nf3 e6 3. d4 cxd4 4. Nxd4 Nf6 5. Nc3 Nc6 6. a3 Bc5 7. Nb3 Be7 8. Bd3 O-O 9. O-O b6 10. f4 d6 11. Bd2 Bb7 12. Qe2 Rc8 13. Rf3 e5 14. Rh3 Qd7 15. Rf1 Rfd8 16. Nd5 h6 17. Nxe7+ Qxe7 18. fxe5 Nxe5 19. Nd4 Nxd3 20. cxd3 d5 21. Nf5 Qe5 22. Bxh6 gxh6 23. Nxh6+ Kf8 24. Rhf3 Rd6 25. Ng4 Qd4+ 26. Kh1 dxe4 27. Rh3 Ke8 28. Nh6 Ke7 29. Nf5+ Kd7 30. Nxd4 Rxd4 31. dxe4 Rxe4 32. Qd3+ Ke7 33. Rhf3 Rd8 34. Qc3 Ng4 35. Rxf7+ Ke6 36. R7f6+ Nxf6 37. Qxf6+ Kd5 38. Rd1+ Kc4 39. Qc3+ Kb5 40. Rxd8 Rf4 41. a4+ Rxa4 42. Rd1 Ka6 43. h3 b5 44. b3 Ra2 45. Rd6+ Bc6 46. Rxc6+ Kb7 47. Rc7+ Kb6 48. Qc5+ Ka5 49. Rxa7# 1-0


[Site "https://www.chess.com"]

[Event "Titled Tuesday Blitz April 19 Early 2022"]
[White "Khamdamova, Afruza"]
[Black "Liyanage, Ranindu Dilshan"]
[WhiteFideId "14210444"]
[BlackFideId "9915834"]
[WhiteElo "1660"]
[BlackElo "1858"]
[Result "0-1"]
[Round "10"]
[TimeControl "180+1"]
[Date "2022.04.19"]
[WhiteClock "0:00:05"]
[BlackClock "0:00:08"]

1. e4 c5 2. Nf3 d6 3. d4 cxd4 4. Nxd4 Nf6 5. Nc3 a6 6. Bg5 e6 7. f4 Be7 8. Qf3 Qc7 9. O-O-O Nbd7 10. Bd3 b5 11. g4 Bb7 12. Nce2 Nc5 13. Bxf6 Bxf6 14. g5 Be7 15. h4 Rc8 16. Kb1 d5 17. e5 Ne4 18. h5 Qb6 19. g6 fxg6 20. hxg6 h6 21. Bxe4 dxe4 22. Qg4 Bd5 23. f5 Qa5 24. Nb3 Qc7 25. f6 gxf6 26. g7 Rg8 27. Qg6+ Kd7 28. exf6 Qxc2+ 29. Ka1 Qxe2 30. Nd4 Qc4 31. Nb3 Qe2 32. f7 Ba3 33. Rd2 Qf3 34. Rhd1 e3 35. fxg8=Q Rxg8 36. Rd4 e2 37. Re1 Qf2 38. Qb1 Bd6 39. Rd2 Bc4 40. Nd4 Bb4 41. Rdxe2 Qxd4 42. Rd1 Bc5 43. Rxd4+ Bxd4 44. Rd2 e5 45. Qe1 Rxg7 46. Qd1 Ke7 47. a3 Rf7 48. Kb1 Rf1 49. Kc1 Rxd1+ 50. Kxd1 h5 51. Rh2 Be6 52. Rxh5 Bg4+ 53. Kd2 Bxh5 54. b4 Bb2 0-1


[Site "https://www.chess.com"]

[Event "Titled Tuesday Blitz April 19 Early 2022"]
[White "Kobo, Ori"]
[Black "Shyaamnikhil P"]
[WhiteFideId "2812320"]
[BlackFideId "5024218"]
[WhiteElo "2420"]
[BlackElo "2329"]
[Result "1-0"]
[Round "10"]
[TimeControl "180+1"]
[Date "2022.04.19"]
[WhiteClock "0:00:27"]
[BlackClock "0:00:20"]

1. d4 Nf6 2. c4 c5 3. d5 b5 4. cxb5 a6 5. bxa6 Bxa6 6. Nc3 d6 7. e4 Bxf1 8. Kxf1 g6 9. g3 Qc8 10. Kg2 Bg7 11. Nf3 O-O 12. Re1 Na6 13. Qe2 Nd7 14. Bg5 Re8 15. Nb5 Qb7 16. a4 Nc7 17. Nc3 h6 18. Bf4 Reb8 19. Reb1 g5 20. Be3 Qa6 21. Qc2 g4 22. Nh4 e6 23. dxe6 fxe6 24. Qd2 h5 25. Rd1 Ne5 26. Nb5 Nxb5 27. axb5 Qxa1 28. Rxa1 Rxa1 29. Qxd6 Re8 30. b6 Rb1 31. Bxc5 Rxb2 32. Bd4 Rb5 33. b7 Nf7 34. Qc6 1-0


[Site "https://www.chess.com"]

[Event "Titled Tuesday Blitz April 19 Early 2022"]
[White "Koelle, Tobias"]
[Black "Buscar, Michael"]
[WhiteFideId "16207378"]
[BlackFideId "2603616"]
[WhiteElo "2541"]
[BlackElo "2010"]
[Result "1-0"]
[Round "10"]
[TimeControl "180+1"]
[Date "2022.04.19"]
[WhiteClock "0:01:27"]
[BlackClock "0:00:20"]

1. e4 c5 2. Nf3 Nc6 3. d4 cxd4 4. Nxd4 Nf6 5. Nc3 e5 6. Ndb5 h6 7. Nd5 Nxd5 8. exd5 a6 9. Nc3 Nb8 10. Be3 d6 11. Bd3 Be7 12. a4 O-O 13. O-O Nd7 14. a5 f5 15. f3 Qe8 16. Na4 Qh5 17. Be2 f4 18. Bf2 Bd8 19. b4 Bh4 20. c4 Rf6 21. Bd3 Bxf2+ 22. Rxf2 Nf8 23. Nb6 Rb8 24. c5 Bf5 25. c6 Qf7 26. Rc1 bxc6 27. dxc6 Ne6 28. Bxf5 Rxf5 29. Qxd6 Rd8 30. Qxd8+ Nxd8 31. c7 Ne6 32. c8=Q+ Kh7 33. Qxa6 Nd4 34. Qf1 Rg5 35. Kh1 Qh5 36. Qd3+ Nf5 37. Rc7 Kh8 38. Kg1 Qh4 39. Rc8+ Kh7 40. Rf8 g6 41. Qd7+ Ng7 42. Rf7 1-0


[Site "https://www.chess.com"]

[Event "Titled Tuesday Blitz April 19 Early 2022"]
[White "Korchmar, Vasiliy"]
[Black "Gabdrakhmanov, Azat"]
[WhiteFideId "24131750"]
[BlackFideId "34189197"]
[WhiteElo "2370"]
[BlackElo "2279"]
[Result "0-1"]
[Round "10"]
[TimeControl "180+1"]
[Date "2022.04.19"]
[WhiteClock "0:01:46"]
[BlackClock "0:01:31"]

1. d4 Nf6 2. Bf4 g6 3. Nc3 d5 4. e3 Bg7 5. h4 h5 6. Nf3 O-O 7. Ne5 c5 8. Qd2 Nc6 9. Bb5 Nxe5 10. dxe5 Ne4 11. Qxd5 Nxc3 12. Qxd8 Rxd8 13. bxc3 Bf5 14. Rc1 Be6 15. Ra1 Bf5 16. Ba4 a6 17. c4 Rab8 18. Rb1 Be6 19. Rb6 Bxc4 20. e6 Bc3# 0-1


[Site "https://www.chess.com"]

[Event "Titled Tuesday Blitz April 19 Early 2022"]
[White "Kornyukov, Alexey"]
[Black "Ezat, Mohamed"]
[WhiteFideId "4150457"]
[BlackFideId "10600906"]
[WhiteElo "2303"]
[BlackElo "2386"]
[Result "1-0"]
[Round "10"]
[TimeControl "180+1"]
[Date "2022.04.19"]
[WhiteClock "0:00:14"]
[BlackClock "0:00:03"]

1. d4 Nf6 2. c4 c5 3. d5 e5 4. Nc3 d6 5. e4 g6 6. Bd3 Bg7 7. Nge2 O-O 8. Ng3 Ne8 9. O-O f5 10. exf5 gxf5 11. f4 a6 12. fxe5 Bxe5 13. Bxf5 Ng7 14. Bxc8 Qxc8 15. Bh6 Nd7 16. Qg4 Rxf1+ 17. Rxf1 Nf8 18. Nf5 Ng6 19. Bxg7 Bxg7 20. Ne4 Qd7 21. Nh6+ Bxh6 22. Qxd7 Bg7 23. Nxd6 Ne5 24. Qe6+ Kh8 25. Ne8 Ng6 26. Nxg7 Kxg7 27. Qf6+ Kh6 28. d6 b5 29. d7 bxc4 30. d8=Q Rxd8 31. Qxd8 c3 32. bxc3 c4 33. Qd4 a5 34. Qxc4 a4 35. Qxa4 Kh5 36. Qd4 h6 37. h3 Nh4 38. Rf4 Nf3+ 39. gxf3 Kg5 40. Qe4 Kh5 41. Qe5+ Kg6 42. Rf6+ Kg7 43. Qe7+ Kg8 44. Rf8# 1-0


[Site "https://www.chess.com"]

[Event "Titled Tuesday Blitz April 19 Early 2022"]
[White "Kosteniuk, Alexandra"]
[Black "Ingebretsen, Jens E"]
[WhiteFideId "4128125"]
[BlackFideId "1522965"]
[WhiteElo "2469"]
[BlackElo "2072"]
[Result "1-0"]
[Round "10"]
[TimeControl "180+1"]
[Date "2022.04.19"]
[WhiteClock "0:00:12"]
[BlackClock "0:00:07"]

1. Nf3 Nf6 2. g3 d5 3. Bg2 c6 4. O-O Bg4 5. d4 e6 6. h3 Bxf3 7. Bxf3 Nbd7 8. c4 Bd6 9. Nc3 h5 10. h4 dxc4 11. Bg5 Qc7 12. e4 e5 13. d5 cxd5 14. Nxd5 Nxd5 15. Qxd5 Nb6 16. Qd1 f6 17. Bxh5+ Ke7 18. Be3 Rag8 19. Bg6 Bc5 20. Bxc5+ Qxc5 21. Qg4 Nc8 22. Rad1 Nd6 23. Rd5 Qc6 24. Rfd1 Rd8 25. Bf5 Nxf5 26. Qxf5 Rxd5 27. Rxd5 Rd8 28. Qg6 Rxd5 29. Qxg7+ Ke6 30. Qg8+ Kd6 31. exd5 Qxd5 32. Qf8+ Ke6 33. Qe8+ Kd6 34. h5 Qd1+ 35. Kg2 Qd5+ 36. Kh2 Qf3 37. Kg1 Qd1+ 38. Kg2 Qd5+ 39. f3 Qd2+ 40. Kh3 Qe2 41. Qd8+ Ke6 42. Qc8+ Kd6 43. Qf5 Qf1+ 44. Kg4 Ke7 45. h6 Qh1 46. h7 Qh6 47. Qh5 Qg7+ 48. Kf5 Qh8 49. Ke4 b5 50. Qg6 f5+ 51. Ke3 f4+ 52. Kf2 fxg3+ 53. Kxg3 Kf8 54. Qf5+ Kg7 55. Qxe5+ Kxh7 56. Qxh8+ Kxh8 57. Kf4 Kg7 58. Ke4 Kf6 59. Kd4 Kf5 60. Kc5 a6 61. a3 Kf4 62. Kb6 Kxf3 63. Kxa6 Ke4 64. Kxb5 Kd3 65. a4 c3 66. bxc3 Kxc3 67. a5 1-0


[Site "https://www.chess.com"]

[Event "Titled Tuesday Blitz April 19 Early 2022"]
[White "Kozak, Antoni"]
[Black "Constantinou, Peter"]
[WhiteFideId "21832030"]
[BlackFideId "413038"]
[WhiteElo "2236"]
[BlackElo "2230"]
[Result "1-0"]
[Round "10"]
[TimeControl "180+1"]
[Date "2022.04.19"]
[WhiteClock "0:00:37"]
[BlackClock "0:00:20"]

1. d4 g6 2. Nf3 Bg7 3. Bf4 d6 4. e3 Nd7 5. h3 b6 6. c4 Bb7 7. Nc3 e5 8. Bh2 Nh6 9. Be2 O-O 10. O-O exd4 11. Nxd4 Nc5 12. Bf3 Bxf3 13. Qxf3 a5 14. Rad1 f6 15. Nd5 Qd7 16. Nb5 Na6 17. Ndxc7 Nxc7 18. Bxd6 Rfc8 19. Nxc7 Ra7 20. Nb5 Raa8 21. b3 Nf5 22. Bf8 Qe6 23. Bxg7 Kxg7 24. Nc7 1-0


[Site "https://www.chess.com"]

[Event "Titled Tuesday Blitz April 19 Early 2022"]
[White "Lagunov, Evgenij"]
[Black "Kotepalli, Sai Nirupama"]
[WhiteFideId "4125363"]
[BlackFideId "5039444"]
[WhiteElo "2200"]
[BlackElo "2397"]
[Result "1-0"]
[Round "10"]
[TimeControl "180+1"]
[Date "2022.04.19"]
[WhiteClock "0:00:54"]
[BlackClock "0:00:53"]

1. e4 c5 2. Nf3 e6 3. d4 cxd4 4. Nxd4 Nf6 5. Nc3 Nc6 6. Ndb5 Bb4 7. Nd6+ Ke7 8. Nxc8+ Rxc8 9. Bd3 d5 10. Bd2 Re8 11. O-O h6 12. a3 Bc5 13. exd5 Nxd5 14. Ne4 Bb6 15. Re1 Kf8 16. Qh5 Nf6 17. Qh4 Nxe4 18. Qxe4 Qd4 19. Bc3 Qxf2+ 20. Kh1 Qf5 21. Qh4 Bf2 22. Qa4 Qh5 23. Rf1 Bg3 24. h3 Be5 25. Qb5 Qg5 26. Bxe5 Nxe5 27. Qxb7 Nxd3 28. Qxf7# 1-0


[Site "https://www.chess.com"]

[Event "Titled Tuesday Blitz April 19 Early 2022"]
[White "Le Ruyet, Leopold"]
[Black "Chandratreya, Prachiti"]
[WhiteFideId "645923"]
[BlackFideId "46611215"]
[WhiteElo "2276"]
[BlackElo "1737"]
[Result "0-1"]
[Round "10"]
[TimeControl "180+1"]
[Date "2022.04.19"]
[WhiteClock "0:00:07"]
[BlackClock "0:00:14"]

1. e4 e6 2. d4 d5 3. e5 c5 4. c3 Qb6 5. Nf3 Bd7 6. Bd3 Bb5 7. dxc5 Bxc5 8. b4 Bxf2+ 9. Ke2 Bxd3+ 10. Qxd3 Nc6 11. Rf1 Nge7 12. Rxf2 Ng6 13. Be3 Qc7 14. Nbd2 Ncxe5 15. Nxe5 Nxe5 16. Qd4 O-O 17. Raf1 Nc6 18. Qh4 e5 19. Bc5 d4 20. Bxf8 Rxf8 21. c4 Nxb4 22. Qe4 Nxa2 23. Qd3 Nc3+ 24. Ke1 Qa5 25. Rf5 g6 26. Rf6 Qc5 27. Kf2 e4 28. Nxe4 Nxe4+ 29. Qxe4 d3+ 30. Kg3 d2 31. Qd5 Qc7+ 32. Kh3 Rd8 33. Qf3 Qd7+ 34. g4 d1=Q 35. Rxd1 Qxd1 36. Qxb7 Rd3+ 37. Kh4 Qe1+ 38. Kg5 Qe3+ 39. Kh4 Qh6# 0-1


[Site "https://www.chess.com"]

[Event "Titled Tuesday Blitz April 19 Early 2022"]
[White "Le, Tuan Minh"]
[Black "Pranav, V"]
[WhiteFideId "12401153"]
[BlackFideId "25060783"]
[WhiteElo "2450"]
[BlackElo "2349"]
[Result "1-0"]
[Round "10"]
[TimeControl "180+1"]
[Date "2022.04.19"]
[WhiteClock "0:00:07"]
[BlackClock "0:00:02"]

1. d4 Nf6 2. Nf3 e6 3. Bf4 b6 4. e3 Bb7 5. Nbd2 d6 6. h3 Nbd7 7. Bd3 g6 8. O-O Bg7 9. Bh2 O-O 10. e4 Qe7 11. e5 dxe5 12. dxe5 Nd5 13. a3 Nc5 14. Bc4 Bh6 15. Qe2 Rad8 16. Rfe1 Nf4 17. Bxf4 Bxf4 18. b4 Na4 19. Ne4 Kg7 20. Bb3 b5 21. Bxa4 bxa4 22. Rad1 Rd5 23. Nc5 Ba8 24. Rxd5 Bxd5 25. Nxa4 Rd8 26. Nc5 a5 27. Nd3 Bh6 28. Nc5 axb4 29. axb4 Ra8 30. c4 Bc6 31. Nd4 Be8 32. Rd1 Rb8 33. Nb5 Bf4 34. Qe4 Qg5 35. Nxc7 Qxe5 36. Qxf4 Qxf4 37. N7xe6+ fxe6 38. Nxe6+ Kf7 39. Nxf4 Rxb4 40. Nd3 Ra4 41. Rc1 Kf6 42. Nc5 Ra2 43. Ne4+ Ke5 44. Nc3 Ra8 45. Nd5 Bc6 46. Ne3 h5 47. h4 Rf8 48. Ra1 Rf4 49. Ra5+ Kd4 50. Ra6 Be4 51. g3 Rf8 52. Rd6+ Ke5 53. Rd1 Rb8 54. c5 Rc8 55. Nc4+ Ke6 56. Nd6 Rd8 57. Re1 1-0


[Site "https://www.chess.com"]

[Event "Titled Tuesday Blitz April 19 Early 2022"]
[White "Legenia, Artem"]
[Black "Warchol, Kamil"]
[WhiteFideId "14136945"]
[BlackFideId "21858241"]
[WhiteElo "1936"]
[BlackElo "1910"]
[Result "1-0"]
[Round "10"]
[TimeControl "180+1"]
[Date "2022.04.19"]
[WhiteClock "0:00:54"]
[BlackClock "0:01:05"]

1. Nf3 d5 2. g3 Nf6 3. Bg2 c6 4. d3 Bf5 5. Nbd2 h6 6. c4 Nbd7 7. O-O e6 8. b3 Be7 9. Bb2 O-O 10. Qc2 a5 11. a3 Ne8 12. e4 Bh7 13. Rfe1 Rc8 14. Rad1 Qb6 15. Qb1 Nc5 16. Qc2 Na6 17. cxd5 exd5 18. exd5 Bf6 19. Nc4 cxd5 20. Nxb6 Rxc2 21. Bxf6 Nxf6 22. Nd4 Rc7 23. Nb5 Rc5 24. Nd4 Rc3 25. Nxd5 Nxd5 26. Bxd5 Rd8 27. Bxb7 Nc5 28. Nc6 Rf8 29. Ne7+ Kh8 30. Be4 Nxe4 31. dxe4 Rxb3 32. Re3 Rxe3 33. fxe3 Bxe4 34. Rd4 Bc2 35. Nc6 a4 36. Rd8 Kg8 37. Ne7+ Kh7 38. Rxf8 1-0


[Site "https://www.chess.com"]

[Event "Titled Tuesday Blitz April 19 Early 2022"]
[White "Ljukin, Sergei"]
[Black "Mirzoev, Azer"]
[WhiteFideId "14102200"]
[BlackFideId "13400304"]
[WhiteElo "2312"]
[BlackElo "2525"]
[Result "0-1"]
[Round "10"]
[TimeControl "180+1"]
[Date "2022.04.19"]
[WhiteClock "0:00:01"]
[BlackClock "0:00:35"]

1. e4 c5 2. Nf3 d6 3. d4 cxd4 4. Nxd4 Nf6 5. Nc3 a6 6. Bg5 Nbd7 7. Qe2 b5 8. O-O-O Bb7 9. f4 b4 10. Nd5 Nxd5 11. exd5 h6 12. Ne6 Qa5 13. Nxf8 hxg5 14. Nxd7 Kxd7 15. Qg4+ Kd8 16. Bc4 gxf4 17. Qxg7 Re8 18. Qxf7 Rc8 19. Bb3 Qb5 20. Qxf4 a5 21. Rd4 Kc7 22. Qf1 Qb6 23. Qd3 Kb8 24. Ba4 Rg8 25. g3 e5 26. Rh4 Rc5 27. Bb3 Ba6 28. Qh7 Rgc8 29. Rd1 Bb5 30. Kb1 R5c7 31. Qf5 Ka7 32. Rh7 Rxh7 33. Qxc8 Rc7 34. Qf5 a4 35. Qg4 axb3 36. axb3 Qc5 37. Rd2 Kb6 38. Qe6 Qg1+ 0-1


[Site "https://www.chess.com"]

[Event "Titled Tuesday Blitz April 19 Early 2022"]
[White "Lopez, Henry"]
[Black "Gu, Xiaobing"]
[WhiteFideId "5203830"]
[BlackFideId "8602611"]
[WhiteElo "2177"]
[BlackElo "2174"]
[Result "0-1"]
[Round "10"]
[TimeControl "180+1"]
[Date "2022.04.19"]
[WhiteClock "0:01:20"]
[BlackClock "0:01:29"]

1. d4 Nf6 2. Nf3 g6 3. c4 Bg7 4. Nc3 O-O 5. e4 d6 6. Be2 e5 7. O-O exd4 8. Nxd4 Re8 9. f3 Nc6 10. Be3 Nh5 11. Qd2 Nxd4 12. Bxd4 Nf4 13. Rfd1 Bxd4+ 14. Qxd4 Nxe2+ 15. Nxe2 Be6 16. Rac1 b6 17. Nf4 Qg5 18. Nd5 Bxd5 19. cxd5 Re7 20. Rc6 f5 21. exf5 Re2 22. Qg4 Qe3+ 0-1


[Site "https://www.chess.com"]

[Event "Titled Tuesday Blitz April 19 Early 2022"]
[White "Makarian, Rudik"]
[Black "Sarana, Alexey"]
[WhiteFideId "44105681"]
[BlackFideId "24133795"]
[WhiteElo "2388"]
[BlackElo "2666"]
[Result "1/2-1/2"]
[Round "10"]
[TimeControl "180+1"]
[Date "2022.04.19"]
[WhiteClock "0:00:14"]
[BlackClock "0:00:29"]

1. c4 e6 2. Nf3 d5 3. g3 Nf6 4. Bg2 Be7 5. O-O O-O 6. d4 dxc4 7. Qc2 a6 8. a4 Bd7 9. Bg5 Bc6 10. Rd1 a5 11. Nbd2 Nbd7 12. Nxc4 Be4 13. Qc1 c6 14. Ncd2 Bd5 15. Qc2 Bxf3 16. Bxf3 Nd5 17. Bxe7 Qxe7 18. Nc4 N7b6 19. Nxb6 Nxb6 20. e3 Nd5 21. Kg2 Nb4 22. Qc4 Rfd8 23. h4 g6 24. b3 h5 25. Rac1 Rd7 26. Qc5 Qxc5 27. Rxc5 Kg7 28. Be4 Kf6 29. f3 Ke7 30. g4 hxg4 31. fxg4 f5 32. Bf3 Nd5 33. Re1 Kd6 34. Kg3 Rf7 35. e4 f4+ 36. Kf2 Ne3 37. Rg5 Rh8 38. Rh1 Rfh7 39. h5 gxh5 40. gxh5 Nc2 41. Rd1 Ne3 42. Rdg1 Nc2 43. e5+ Kc7 44. Be4 Rxh5 45. Rxh5 Rxh5 46. Bxc2 Rh3 47. Rg7+ Kc8 48. Bg6 Rg3 49. Rg8+ Kd7 50. Bf7 Ke7 51. Bxe6 Kxe6 52. Rxg3 fxg3+ 53. Kxg3 c5 54. Kf4 cxd4 55. Ke4 d3 1/2-1/2


[Site "https://www.chess.com"]

[Event "Titled Tuesday Blitz April 19 Early 2022"]
[White "Mangialardo, Tiago Carvalho"]
[Black "Sukandar, Irine Kharisma"]
[WhiteFideId "2130718"]
[BlackFideId "7101937"]
[WhiteElo "2061"]
[BlackElo "2293"]
[Result "0-1"]
[Round "10"]
[TimeControl "180+1"]
[Date "2022.04.19"]
[WhiteClock "0:00:02"]
[BlackClock "0:00:06"]

1. e4 e5 2. Nf3 d6 3. d4 exd4 4. Nxd4 Nf6 5. Bc4 Be7 6. Nc3 O-O 7. O-O Nxe4 8. Nxe4 d5 9. Bd3 dxe4 10. Bxe4 c6 11. c3 Bf6 12. Be3 Na6 13. Re1 Nc5 14. Bxh7+ Kxh7 15. Qh5+ Kg8 16. Qxc5 Bd7 17. Rad1 Qc8 18. h3 b6 19. Qh5 c5 20. Nf3 g6 21. Qh6 Bg7 22. Qh4 Bc6 23. Ng5 Re8 24. Rd6 Bb7 25. Red1 Bc6 26. Qh7+ Kf8 27. Nxf7 Kxf7 28. Rxg6 Rg8 29. Bh6 Qf8 30. Rxg7+ Rxg7 31. Bxg7 Qxg7 32. Qf5+ Qf6 33. Qh5+ Kg7 34. Rd3 Rg8 0-1


[Site "https://www.chess.com"]

[Event "Titled Tuesday Blitz April 19 Early 2022"]
[White "Marczuk, Dominik"]
[Black "Zemlyanskii, Ivan"]
[WhiteFideId "1111264"]
[BlackFideId "24249971"]
[WhiteElo "1912"]
[BlackElo "1759"]
[Result "0-1"]
[Round "10"]
[TimeControl "180+1"]
[Date "2022.04.19"]
[WhiteClock "0:00:07"]
[BlackClock "0:00:34"]

1. e4 c5 2. Nf3 d6 3. d4 Nf6 4. Nc3 cxd4 5. Nxd4 a6 6. f3 e5 7. Nb3 Be6 8. Be3 h5 9. Qd2 Nbd7 10. Nd5 Bxd5 11. exd5 Rc8 12. c4 b6 13. Be2 g6 14. O-O Bg7 15. a4 a5 16. Nc1 O-O 17. b4 axb4 18. Qxb4 e4 19. Rb1 exf3 20. Bxf3 Re8 21. Bf4 Ne5 22. Qxb6 Qe7 23. Qf2 Rxc4 24. Bxe5 Qxe5 25. Nd3 Qc3 26. Nb2 Ng4 27. Qg3 Qd4+ 28. Kh1 Rc3 29. Rbd1 Qb6 30. Nd3 Ne3 31. Rfe1 Qd8 32. Rd2 Nf5 33. Qf2 Bd4 34. Qf1 Rxe1 35. Qxe1 Qa5 36. Be4 Ne3 37. Re2 Ng4 38. h3 Ne5 39. Nxe5 Bxe5 40. Rc2 Rxc2 0-1


[Site "https://www.chess.com"]

[Event "Titled Tuesday Blitz April 19 Early 2022"]
[White "Mayaud, Raphael"]
[Black "Stelmaszyk, Nico"]
[WhiteFideId "627151"]
[BlackFideId "16200462"]
[WhiteElo "2191"]
[BlackElo "2119"]
[Result "0-1"]
[Round "10"]
[TimeControl "180+1"]
[Date "2022.04.19"]
[WhiteClock "0:00:01"]
[BlackClock "0:00:05"]

1. d4 d5 2. c4 e6 3. Nf3 c5 4. e3 Nf6 5. cxd5 Nxd5 6. g3 cxd4 7. Nxd4 Bb4+ 8. Bd2 O-O 9. Bg2 e5 10. Nc2 Nc6 11. O-O Bxd2 12. Qxd2 Be6 13. Rd1 Nb6 14. Qe1 Qe7 15. Nc3 Rac8 16. Rac1 Nb4 17. Nxb4 Qxb4 18. Qe2 Rc7 19. Qb5 Qe7 20. Qxe5 Nc4 21. Qb5 a6 22. Qh5 Nxb2 23. Rf1 Nd3 24. Rc2 Nb4 25. Rcc1 Nd3 26. Rc2 Nc5 27. Rfc1 Nd3 28. Nd5 Qa3 29. Rxc7 Nxc1 30. Qg5 Ne2+ 31. Kf1 Qd3 0-1


[Site "https://www.chess.com"]